 Dungeon Crawl Stone Soup version 0.27-a0-1334-g2746e35aca (webtiles) character file.

Game seed: 4377468946295185830

3071 senseless the Protected (level 9, -2/80 (81) HPs)
             Began as a Minotaur Fighter on June 26, 2021.
             Was an Elder of Okawaru.
             Slain by a manticore (5 damage)
             ... on level 8 of the Dungeon.
             The game lasted 00:20:47 (7976 turns).

senseless the Protected (Minotaur Fighter)          Turns: 7976, Time: 00:20:47

HP:   -2/80 (81)    AC: 11    Str: 23    XL:     9   Next: 58%
MP:   8/8           EV:  7    Int:  5    God:    Okawaru [****..]
Gold: 420           SH: 11    Dex: 11    Spells: 8/8 levels left

rFire    . . .     SeeInvis .   a - +0 war axe
rCold    + + .     Faith    .   c - +0 kite shield
rNeg     + . .     Spirit   .   k - +0 chain mail {rC+}
rPois    .         Reflect  .   (helmet restricted)
rElec    .         Harm     .   (no cloak)
rCorr    .         Rampage  .   (no gloves)
Will     .....                  (no boots)
Stlth    ..........             (no amulet)
HPRegen  0.23/turn              r - ring of positive energy
MPRegen  0.11/turn              u - ring of protection from cold

@: about to teleport, lightly drained
A: horns 2, retaliatory headbutt
a: Renounce Religion, Heroism


You were on level 8 of the Dungeon.
You worshipped Okawaru.
Okawaru was greatly pleased with you.
You visited 1 branch of the dungeon, and saw 9 of its levels.

You collected 420 gold pieces.

Inventory:

Hand Weapons
 a - a +0 war axe (weapon)
 i - a +1 dagger of freezing
 q - a +1 dire flail
 C - a +3 dagger
Missiles
 j - 17 boomerangs (quivered)
 p - 29 poisoned darts
 G - 5 boomerangs of dispersal
 H - 4 atropa-tipped darts
 I - 7 datura-tipped darts
 J - 2 curare-tipped darts
Armour
 c - a +0 kite shield (worn)
 k - a +0 chain mail of cold resistance (worn)
Jewellery
 n - a ring of fire
 r - a ring of positive energy (left hand)
 u - a ring of protection from cold (right hand)
 B - a ring of resist corrosion
Wands
 y - a wand of polymorph (4)
 D - a wand of flame (1)
 F - a wand of digging (12)
Scrolls
 b - 7 scrolls of magic mapping
 e - 7 scrolls of identify
 f - 3 scrolls of teleportation
 g - a scroll of silence {unknown}
 h - 2 scrolls of blinking {unknown}
 l - a scroll of enchant armour {unknown}
 t - a scroll of acquirement {unknown}
 v - 2 scrolls of fear {unknown}
 x - a scroll of fog {unknown}
 E - 2 scrolls of enchant weapon {unknown}
 K - a scroll of immolation {unknown}
Potions
 d - a potion of might
 m - 3 potions of resistance {unknown}
 o - 2 potions of curing
 s - a potion of brilliance {unknown}
 w - a potion of cancellation {unknown}
 z - 2 potions of ambrosia {unknown}
 A - a potion of flight {unknown}
 L - a potion of heal wounds {unknown}


   Skills:
 + Level 8.2 Fighting
 + Level 7.7 Axes
 + Level 5.3 Throwing
 + Level 8.2 Armour
 + Level 8.2 Shields


You had 8 spell levels left.
You didn't know any spells.
Your spell library contained the following spells:

 Spells                   Type           Power      Damage    Failure   Level
 Beastly Appendage        Tmut           0%         N/A       100%        1
 Summon Small Mammal      Summ           0%         N/A       100%        1
 Call Imp                 Summ           0%         N/A       100%        2
 Wereblood                Tmut           0%         N/A       100%        2
 Call Canine Familiar     Summ           0%         N/A       100%        3
 Spider Form              Tmut/Pois      0%         N/A       100%        3
 Summon Guardian Golem    Hex/Summ       0%         N/A       100%        3
 Ice Form                 Ice/Tmut       0%         N/A       100%        4
 Summon Ice Beast         Ice/Summ       0%         N/A       100%        4
 Summon Lightning Spire   Summ/Air       0%         N/A       100%        4


Dungeon Overview and Level Annotations

Branches:
Dungeon (9/15)             Temple (0/1) D:7            Lair (0/6) D:9
    Orc: D:9-12

Altars:
Cheibriados
Fedhas
Hepliaklqana
Makhleb
Nemelex Xobeh
Okawaru
Vehumet

Shops:
D:1 *!?   D:6 *

Annotations:
D:3 2 runed translucent doors, exclusion: statue, ilikecats's ghost, amateur DjFE


Innate Abilities, Weirdness & Mutations

You have a pair of horns on your head.
You reflexively headbutt those who attack you in melee.


Message History

You hit the manticore. Your headbutt misses the manticore.
The manticore is heavily wounded.
You carefully extract the barbed spikes from your body.
You block the manticore's attack. x2
The manticore claws you but does no damage.
You barely miss the manticore.
You headbutt the manticore, but do no damage.
The manticore is heavily wounded.
The manticore bites you.
The manticore claws you but does no damage.
You block the manticore's attack.
You barely miss the manticore.
The manticore is heavily wounded.
You block the manticore's attack. The manticore completely misses you.
The manticore claws you but does no damage.
The wight hits you but does no damage.
A wight comes into view.
It is wielding a +0 spear and quivering atropa-tipped darts.
The manticore bites you! The manticore completely misses you.
The manticore claws you.
You closely miss the manticore. Your headbutt misses the manticore.
The manticore is heavily wounded.
You hit the wight.
A wight comes into view. It is wielding a +2 mace.
The wight hits you with a +3 flail. You block the wight's attack.
You block the manticore's attack. The manticore barely misses you.
The manticore claws you but does no damage.
The wight hits you with a +3 flail. You partially resist.
You feel drained.
As you read the scroll labelled COOCAKO GUWN, it crumbles to dust.
It is a scroll of identify.
b - 7 scrolls of magic mapping You block the wight's attack.
You block the manticore's attack. The manticore claws you! x2
* * * LOW HITPOINT WARNING * * *
The wight hits you but does no damage.
As you read the scroll labelled KIR VUURRIS, it crumbles to dust.
You feel strangely unstable.
It was a scroll of teleportation.
You block the wight's attack. The manticore bites you!
* * * LOW HITPOINT WARNING * * *
The manticore closely misses you. The manticore claws you.
You die...

..#..........#..........
.......>....#..........
#..........##.........
#..........##.....####
.##...........####....##
..............#.......##
..............#.......##
....###...###.........##
... #@..# ##.###......
......Hz..# #..#<......
...z..zz..+####.#.......
...z......##............
..####.#####............
. .. +............ ..
#...........# ...
#...........#
+......>..###


You could see a manticore and 5 wights.

Vanquished Creatures
  A gargoyle (D:7)
  Prince Ribbit (D:7)
  A steam dragon (D:9)
  Duvessa (D:7)
  4 water moccasins
  2 sky beasts (D:6)
  A necrophage (D:5)
  3 ogres
  A centaur (D:6)
  3 kobold brigands
  A bullfrog (D:9)
  Dowan (D:7)
  5 scorpions
  2 wights (D:8)
  2 centaur zombies
  7 hounds
  An iguana (D:7)
  An orc wizard (D:9)
  A hound skeleton (D:5)
  3 gnolls (D:7)
  2 howler monkey zombies
  10 adders
  2 shadow imps
  An ufetubus (D:5)
  An adder zombie (D:5)
  2 adder skeletons (D:4)
  4 dart slugs
  22 orcs
  8 bats
  7 endoplasms
  3 giant cockroaches
  11 goblins
  7 hobgoblins
  2 jackals (D:5)
  3 quokkas
  6 ball pythons
  4 frilled lizards
  15 kobolds
  3 rats
155 creatures vanquished.

Notes
Turn   | Place    | Note
-------+----------+-------------------------------------------
     0 | D:1      | senseless the Minotaur Fighter began the quest for the Orb.
     0 | D:1      | Reached XP level 1. HP: 19/19 MP: 0/0
   308 | D:1      | Reached XP level 2. HP: 27/27 MP: 1/1
   609 | D:1      | Found Ebena's Distillery.
   615 | D:1      | Found Yxif Jua's Assorted Antiques.
   669 | D:1      | Found Zitsiygo's Magic Scroll Shop.
   949 | D:1      | Found a faded altar of an unknown god.
  1205 | D:2      | Reached XP level 3. HP: 33/33 MP: 2/2
  1793 | D:3      | Reached XP level 4. HP: 40/40 MP: 3/3
  1882 | D:3      | Found an iron altar of Okawaru.
  1887 | D:3      | Became a worshipper of Warmaster Okawaru
  2006 | D:3      | Found a runed translucent door.
  2006 | D:3      | Noticed a bullfrog
  2187 | D:3      | Found a runed translucent door.
  2416 | D:3      | Found a radiant altar of Vehumet.
  2416 | D:3      | Noticed a frost-covered statue
  2679 | D:3      | Noticed ilikecats's ghost (amateur DjFE)
  3004 | D:4      | Reached XP level 5. HP: 47/47 MP: 4/4
  3062 | D:4      | Found a snail-covered altar of Cheibriados.
  3151 | D:4      | Found a sparkling altar of Nemelex Xobeh.
  3165 | D:4      | Noticed a water moccasin
  3174 | D:4      | Killed a water moccasin
  3175 | D:4      | Reached skill level 5 in Fighting
  3175 | D:4      | Reached skill level 1 in Throwing
  3175 | D:4      | Reached skill level 5 in Armour
  3175 | D:4      | Reached skill level 5 in Shields
  3379 | D:4      | Reached XP level 6. HP: 13/56 MP: 5/5
  3979 | D:4      | Reached * piety under Okawaru
  4144 | D:5      | Entered Level 5 of the Dungeon
  4320 | D:5      | Reached XP level 7. HP: 61/61 MP: 6/6
  4371 | D:5      | Reached skill level 5 in Axes
  4473 | D:5      | Reached ** piety under Okawaru
  4866 | D:5      | Reached XP level 8. HP: 70/70 MP: 7/7
  5250 | D:6      | Found a burning altar of Makhleb.
  5609 | D:6      | Found Foestoiwa's Assorted Antiques.
  5644 | D:6      | You fall into a shaft and drop 3 floors!
  5659 | D:9      | Reached *** piety under Okawaru
  6010 | D:9      | Found a staircase to the Lair.
  6387 | D:7      | Noticed Prince Ribbit
  6392 | D:7      | Killed Prince Ribbit
  6393 | D:7      | Reached XP level 9. HP: 64/79 MP: 8/8
  6522 | D:6      | Received a gift from Okawaru
  6730 | D:7      | Noticed a gargoyle
  6743 | D:7      | Killed a gargoyle
  6744 | D:7      | Reached skill level 5 in Throwing
  7067 | D:7      | Found a hazy altar of Hepliaklqana.
  7067 | D:7      | Found a blossoming altar of Fedhas.
  7115 | D:7      | Reached **** piety under Okawaru
  7300 | D:7      | Noticed Duvessa
  7306 | D:7      | Killed Duvessa
  7306 | D:7      | Noticed Dowan
  7310 | D:7      | Killed Dowan
  7577 | D:7      | Found a staircase to the Ecumenical Temple.
  7964 | D:8      | Noticed a manticore
  7976 | D:8      | HP: 3/80 [manticore (16)]
  7976 | D:8      | Slain by a manticore

Illustrated notes

Levels and vault maps discovered:
D:1:      dpeg_arrival_rooms_c, layout_basic, serial_shops, shop,
          shop_fountains, nicolae_shop_overgrown_old_shop,
          dilly_ecumenical_altar_fadedgnrine, minmay_misc_feat_plants
D:2:      layout_rooms
D:3:      layout_loops_ring, okawaru_trees_1, vehumet_statue,
          ebering_ghost_sewer_f
D:4:      layout_loops_corners, kennysheep_slug_shrine,
          nemelex_xobeh_ov_fountains_minmay
D:5:      layout_gridville, st_stairs_9
D:6:      layout_basic, makhleb_heckhound_becter, serial_shops,
          nicolae_shop_competitors_out_of_business, chequers_garden
D:7:      layout_basic, gammafunk_temple_overflow_pools,
          minmay_temple_entry_nine_rooms, serial_glass, glass_columns_c,
          glass_columns_b, kennysheep_generic_room_13, uniq_prince_ribbit1,
          uniq_duvessa
D:8:      layout_basic, serial_shops, nicolae_shop_behind_doors,
          kennysheep_mini, shop_coins
D:9:      layout_cave_pools, pdpol_temple_overflow_zin_treasury_gozag_greed,
          chequers_temple_overflow_statue_of_worship, lair_entry_dummy,
          wad_dig_loot

Skill      XL: |  1  2  3  4  5  6  7  8  9 |
---------------+----------------------------+-----
Shields        | 4 5 6 7 8 |  8.2
Armour         | 4 5 6 7 8 |  8.2
Fighting       | 4 5 6 7 8 |  8.2
Axes           | 3 4 5 6 7 |  7.7
Throwing       | 1 2 3 4 5 |  5.3

Action                   |  1- 3 |  4- 6 |  7- 9 || total
-------------------------+-------+-------+-------++-------
Melee: War axe           |    59 |     7 |   217 ||   283
       Headbutt          |    16 |    17 |    47 ||    80
       Dagger            |    51 |   108 |       ||   159
Throw: Boomerang         |     6 |    80 |    58 ||   144
Invok: Heroism           |       |     1 |       ||     1
  Use: Potion            |       |     1 |       ||     1
       Scroll            |       |       |     2 ||     2
Armor: Scale mail        |    31 |       |       ||    31
       Chain mail        |    20 |    40 |   105 ||   165
Dodge: Dodged            |    27 |    23 |    57 ||   107
Block: Kite shield       |    47 |    54 |   139 ||   240

Table legend: (Time is in decaauts)
 A = Elapsed time spent in this place.
 B = Non-inter-level travel time spent in this place.
 C = Inter-level travel time spent in this place.
 D = Time resting spent in this place.
 E = Time spent auto-exploring this place.
 F = Levels seen in this place.
 G = Mean time per level.
                   A        B        C        D        E       F      G
               +--------+--------+--------+--------+--------+-----+--------+
         Total |   8181 |   7826 |    355 |    631 |   6027 |   9 |  909.0 |
       Dungeon |   8181 |   7826 |    355 |    631 |   6027 |   9 |  909.0 |
               +--------+--------+--------+--------+--------+-----+--------+

Top non-repeatable levels by time:
     D:4: 1377 daAuts
     D:1: 1195 daAuts
     D:7: 1136 daAuts
     D:3: 1088 daAuts
     D:5: 1019 daAuts
     D:6: 786 daAuts
     D:9: 686 daAuts
     D:2: 611 daAuts
     D:8: 278 daAuts
